 Dungeon Crawl Stone Soup version 0.21-a0-404-g291f19a (webtiles) character file.

12 Hasart the Chiller (level 2, 19/19 HPs)
             Began as a Barachi Ice Elementalist on Oct 26, 2017.
             Got out of the dungeon alive.
             The game lasted 00:01:35 (591 turns).

Hasart the Chiller (Barachi Ice Elementalist)        Turns: 591, Time: 00:01:35

Health: 19/19      AC:  3    Str:  9    XL:     2   Next: 33%
Magic:  5/5        EV: 12    Int: 15    God:
Gold:   11         SH:  0    Dex: 12    Spells: 5/6 levels left

rFire    . . .     SeeInvis .   f - +0 hand axe
rCold    . . .     Gourm    .   (no shield)
rNeg     . . .     Faith    .   a - +0 robe
rPois    .         Spirit   .   e - +1 hat
rElec    .         Reflect  .   (no cloak)
rCorr    .         Harm     .   (no gloves)
MR       .....                  (no boots)
Stlth    ++........             (no amulet)
HPRegen  0.06/turn              (no ring)
MPRegen  0.09/turn              (no ring)

@: slow
A: +LOS, swims, slowness 1, strong legs 1
a: Hop


You escaped.
You were not hungry.

You visited 1 branch of the dungeon, and saw 1 of its levels.

You collected 11 gold pieces.

Inventory:

Hand Weapons
 f - a +0 hand axe (weapon)
Armour
 a - a +0 robe (worn)
 e - a +1 hat (worn)
Scrolls
 d - a scroll of immolation {unknown}
 g - a scroll of enchant weapon {unknown}
 h - a scroll of remove curse {unknown}
 i - a scroll of fog {unknown}
Books
 b - a book of Frost

   Spells                             Type                      Level
   a - Freeze                         Ice                          1
   b - Throw Frost                    Conjuration/Ice              2
   c - Ozocubu's Armour               Charms/Ice                   3
   d - Throw Icicle                   Conjuration/Ice              4
   e - Summon Ice Beast               Ice/Summoning                4
Comestibles
 c - a bread ration


   Skills:
 - Level 2.1 Dodging
 - Level 1.7 Stealth
 + Level 2.5 Spellcasting
   Level 1.1 Conjurations
 * Level 4.2 Ice Magic


You had 5 spell levels left.
You knew the following spells:

 Your Spells              Type           Power        Failure   Level  Hunger
a - Freeze                Ice            ##..         3%          1    #......


Dungeon Overview and Level Annotations

Branches:
Dungeon (1/15)

Altars:


Innate Abilities, Weirdness & Mutations

Shadows flee at your approach. (+LOS)
You can swim through water.
You cover ground slowly.
You can hop short distances.


Message History

The leopard gecko is severely wounded.
The leopard gecko barely misses you. The leopard gecko bites you.
You barely miss the leopard gecko.
The leopard gecko is severely wounded.
The leopard gecko barely misses you.
You hit the leopard gecko.
You kill the leopard gecko!
Found a scroll labeled NIUCOL QEWA.
i - a scroll labeled NIUCOL QEWA Welcome back, Hasart the Barachi Ice Elementalist.
Press ? for a list of commands and other information.
Unknown command.
Unknown command.
Unknown command.
Found a royal jelly.
HP restored.
You see here 22 stones.
There is a staircase leading out of the dungeon here.
Are you sure you want to leave the Dungeon?
This will make you lose the game!
You have escaped!

................
#####.#......... #
........^.......
#.#########...........
)#
#........###..........
.#
##..#####...........###
.#
#..#.....#(.##.........
.#
#..#.......#..#...##.###
.###
#....@....#..#..##.# ...
#..#.......#..##..##.#
.#####
....#.....#.......##.#
.#...#
##....#####..#......#.#
.....# # ####.
....#######.#.# ###.##.#
# #.#### ###...#
#......# # #.....#
#.#.#### .########.....#
#.#.#.###
.............>#


There were no monsters in sight!

Vanquished Creatures
  A dart slug (D:1)
  A leopard gecko (D:1)
  A giant cockroach (D:1)
  2 hobgoblins (D:1)
  A bat (D:1)
  A frilled lizard (D:1)
  2 kobolds (D:1)
  A rat (D:1)
10 creatures vanquished.

Notes
Turn   | Place    | Note
-------+----------+-------------------------------------------
     0 | D:1      | Hasart the Barachi Ice Elementalist began the quest for the Orb.
     0 | D:1      | Reached XP level 1. HP: 13/13 MP: 3/3
    89 | D:1      | Reached skill level 4 in Ice Magic
   224 | D:1      | Reached XP level 2. HP: 11/19 MP: 1/5
   591 | D:$      | Got out of the dungeon alive.

Vault maps used:
D:1:      scummos_arrival_hexagon, serial_corexii_hall, corexii_hall_statues_x,
          corexii_hall_statues_u, minmay_tromino_mix6

Skill      XL: |  1 |
---------------+----+-----
Ice Magic      | 4 |  4.2
Dodging        | |  2.1
Stealth        | |  1.7
Spellcasting   | |  2.5
Conjurations   | |  1.1

Action                   || total
-------------------------++-------
Melee: Unarmed           ||     5
       Hand axe          ||     9
 Cast: Freeze            ||     9
Armor: Robe              ||     8
Dodge: Dodged            ||    24

Table legend:
 A = Spawn XP
 B = Non-spawn XP
 C = Spawn XP percentage of total XP
 D = Spawn monster count
 E = Non-spawn monster count
 F = Spawn count percentage of total count
 G = Total turns spent on level
                    A         B        C        D         E        F      G
               +---------+---------+-------+---------+---------+-------+---------
         Total |       0 |      18 |   0.0 |       0 |      10 |   0.0 |   591
               +---------+---------+-------+---------+---------+-------+---------
           D:1 |       0 |      18 |   0.0 |       0 |      10 |   0.0 |   591
               +---------+---------+-------+---------+---------+-------+---------
